 Dungeon Crawl Stone Soup version 0.31-a0-851-g7ff8af7976 (webtiles) character file.

Game seed: 13709895590968133958

31 MachoJfn the Grave Robber (level 3, 0/12 HPs)
             Began as a Vampire Necromancer on Oct 7, 2023.
             Slain by a frilled lizard (2 damage)
             ... on level 2 of the Dungeon.
             The game lasted 00:08:02 (3443 turns).

MachoJfn the Grave Robber (Vampire Necromancer)     Turns: 3443, Time: 00:08:02

Health: 0/12       AC:  5    Str: -19 (7) XL:     3   Next: 7%
Magic:  6/6        EV:  2    Int: -7 (19) God:
Gold:   60         SH:  0    Dex: -12 (14)Spells: 6/7 levels left

rFire   . . .        d - +0 club
rCold   + + +        (no shield)
rNeg    + + +        a - +0 robe
rPois   ∞            (no helmet)
rElec   .            (no cloak)
rCorr   .            g - +2 pair of gloves
SInv    +            (no boots)
Will    +....        (no amulet) Stlth
                     c - ring of willpower
HPRegen 0.00/turn    h - ring of protection from cold
MPRegen 0.10/turn

%: no passive effects
@: bloodless, inhibited regen, slowed, lost strength, lost intelligence, lost
dexterity, unable to read, very slow
A: bloodless, fangs 3, see invisible, vampiric 2, [frail 3]
a: Bat Form, Revivify


You were on level 2 of the Dungeon.
You visited 1 branch of the dungeon, and saw 2 of its levels.

You collected 60 gold pieces.

Inventory:

Hand Weapons
 d - a +0 club (weapon)
Missiles
 e - 3 stones
 f - 4 poisoned darts
Armour
 a - a +0 robe (worn)
 g - a +2 pair of gloves (worn)
Jewellery
 c - a ring of willpower (left hand)
 h - a ring of protection from cold (right hand)
Potions
 b - 3 potions of magic


   Skills:
 + Level 2.4 Dodging
 + Level 3.1 Stealth
 + Level 2.5 Spellcasting
 + Level 5.0 Necromancy


You had 6 spell levels left.
You knew the following spells:

 Your Spells              Type           Power      Damage    Failure   Level
a - Necrotise             Necr           0%         1d4       8%          1

Your spell library contained the following spells:

 Spells                   Type           Power      Damage    Failure   Level
 Vampiric Draining        Necr           0%         2d6       22%         3
 Animate Dead             Necr           0%         N/A       58%         4
 Agony                    Necr           0%         N/A       90%         5


Dungeon Overview and Level Annotations

Branches:
Dungeon (2/15)

Altars:


Innate Abilities, Weirdness & Mutations

You do not regenerate when monsters are visible.
You are frail without blood (-20% HP).
You can heal yourself when you bite living creatures.
You are immune to poison.
You have razor-sharp teeth.
You have supernaturally acute eyesight. (SInv)
You are afflicted with vampirism and can become a bat while bloodless.
[You are extremely frail. (-30% HP)]


Message History

There is an open door here.
There is an open door here.
You open the door.
There is an open door here.
Done exploring.
Done exploring.
There is an open door here.
There is an open door here.
There is an open door here.
There is an open door here.
There is a stone staircase leading down, spattered with blood here.
You climb downwards.
There is a stone staircase leading up here.
You can't go down here!
You climb upwards.
There is a stone staircase leading down, spattered with blood here.
Unknown command.
You climb downwards.
There is a stone staircase leading up here.
A frilled lizard comes into view.
The frilled lizard hisses angrily.
A bat comes into view.
The frilled lizard hisses.
The bat hits you.
You lack the mental capacity to cast spells.
You closely miss the bat. The bat completely misses you. The bat hits you.
You closely miss the bat. The bat hits you but does no damage.
The frilled lizard bites you.
You closely miss the frilled lizard.
The frilled lizard bites you but does no damage.
The frilled lizard bites you.
You closely miss the frilled lizard.
The frilled lizard bites you but does no damage.
The frilled lizard bites you.
You barely miss the frilled lizard. Your bite misses the frilled lizard.
The frilled lizard bites you but does no damage.
The frilled lizard bites you.
* * * LOW HITPOINT WARNING * * *
You barely miss the frilled lizard. The frilled lizard bites you.
You die...

#### # #<.#
#####.#.##.#
.....bl@...#
....########
..


You could see a bat and a frilled lizard.

Vanquished Creatures
  A dart slug (D:1)
  3 ball pythons (D:1)
  2 endoplasms (D:1)
  3 giant cockroaches (D:1)
  2 goblins (D:1)
  2 hobgoblins (D:1)
  A quokka (D:1)
  4 bats (D:1)
  A frilled lizard (D:1)
  7 kobolds (D:1)
26 creatures vanquished.

Notes
Turn   | Place    | Note
-------+----------+-------------------------------------------
     0 | D:1      | MachoJfn the Vampire Necromancer began the quest for the
                  | Orb.
     0 | D:1      | Reached XP level 1. HP: 13/13 MP: 3/3
   286 | D:1      | Reached XP level 2. HP: 16/17 MP: 0/5
   341 | D:1      | Reached skill level 5 in Necromancy
   819 | D:1      | Gained mutation: You are afflicted with vampirism and can
                  | become a bat while bloodless. [Vampire growth]
   819 | D:1      | Reached XP level 3. HP: 21/21 MP: 2/6
  2685 | D:1      | Lost strength.
  2738 | D:1      | Lost dexterity.
  2751 | D:1      | Lost intelligence.
  3443 | D:2      | Slain by a frilled lizard

Illustrated notes

Levels and vault maps discovered:
D:1:      dpeg_arrival_rooms_a, layout_basic, nicolae_hexahallways,
          minivault_24, minmay_vboxes
D:2:      layout_basic, uniq_terence, uniq_natasha, uniq_jessica

Skill      XL: |  1  2 |
---------------+-------+-----
Necromancy     | 5 |  5.0
Dodging        | |  2.4
Stealth        | |  3.1
Spellcasting   | |  2.5

Action                     || total
---------------------------++-------
  Melee: Unarmed           ||     3
         Bite              ||     3
         Club              ||    45
         Punch             ||     1
   Cast: Necrotise         ||    30
Ability: Exsanguinate      ||     6
         Revivify          ||     5
         Bat Form          ||    13
         End Transformatio ||     9
    Use: Scroll            ||     1
         Potion            ||     1
 Armour: Robe              ||    49
         Skin              ||     1
  Dodge: Dodged            ||    58

Table legend: (Time is in decaauts)
 A = Elapsed time spent in this place.
 B = Non-inter-level travel time spent in this place.
 C = Inter-level travel time spent in this place.
 D = Time resting spent in this place.
 E = Time spent auto-exploring this place.
 F = Levels seen in this place.
 G = Mean time per level.
                   A        B        C        D        E       F      G
               +--------+--------+--------+--------+--------+-----+--------+
         Total |   3809 |   3623 |    186 |   2266 |   1046 |   2 | 1904.5 |
       Dungeon |   3809 |   3623 |    186 |   2266 |   1046 |   2 | 1904.5 |
               +--------+--------+--------+--------+--------+-----+--------+

Top non-repeatable levels by time:
     D:1: 3791 daAuts
     D:2: 17 daAuts
